[Event "*** Titled Tuesday Blitz"]
[Site "Chess.com"]
[Date "2019.07.02"]
[Round "4"]
[White "tigra"]
[Black "theblitzchamp"]
[Result "1-0"]
[WhiteElo "2760"]
[BlackElo "2637"]
[TimeControl "180+2"]
[EndTime "13:52:22 PDT"]
[Termination "tigra won by checkmate"]

1. e4 e5 2. f4 exf4 3. Bc4 Nc6 4.
Nc3 Qh4+ 5. Ke2 Bc5 6. Qf1 Nf6 7.
Nf3 Qh5 8. d3 d6 9. Bxf4 Bg4 10.
Kd2 O-O-O 11. h3 Bxf3 12. Qxf3 Qg6 13. g4 Ne5 14. Bxe5 dxe5 15. Raf1 Rd7 16. Qf5 Rd8 17.
Qxg6 hxg6 18. g5 Nh7 19. Bxf7 Nxg5 20. Bxg6 Kb8 21. h4 Ne6 22. Bf5 Re7 23. Nd5 Ree8 24.
Bxe6 Rxe6 25. Rf7 c6 26. Ne3 Rg6 27. Rh2 Rg1 28. h5 Rh8 29. Nc4 Rg5 30. Kc3 b6 31.
b4 Bd4+ 32. Kb3 Rgxh5 33. Rxh5 Rxh5 34. c3 Rh3 35. cxd4 Rxd3+ 36. Kc2 Rxd4 37. Nxe5 Rxe4 38. Nxc6+ Kc8 39. Nxa7+ Kb8 40. Nc6+ Kc8 41. Kd3 Re6 42. b5 g5 43. a4 Rg6 44. Ne7+ Kd7 45. Nxg6+ Ke6 46.
Rb7 g4 47. Rxb6+ Kd5 48. a5 g3 49. Nf4+ Kc5 50. Kc3 g2 51. Nxg2 Kd5 52. a6 Kc5 53. Rb7 Kd6 54. a7 Kc5 55. a8=Q Kd6 56. Qc8 Kd5 57.
Rd7+ Ke4 58. Qe8+ Kf3 59. Rf7+ Kg3 60. Qg8+ Kh2 61. Ne1 Kh1 62. Rh7# 1-0

[Event "*** Titled Tuesday Blitz"]
[Site "Chess.com"]
[Date "2019.07.02"]
[Round "4"]
[White "Alopekos"]
[Black "KL31"]
[Result "1-0"]
[WhiteElo "2455"]
[BlackElo "2205"]
[TimeControl "180+2"]
[EndTime "13:52:22 PDT"]
[Termination "Alopekos won by resignation"]

1. e4 e6 2. d4 d5 3. Nc3 Nf6 4. e5 Nfd7 5. Qg4 c5 6. dxc5 Nxe5 7. Qg3 Ned7 8. Nb5 Na6 9. b4 Nxb4 10. Nc7+ Ke7 11.
Qd6+ Kf6 12. Bb2+ Kg6 13. Qg3+ Kh6 14. Qh3+ Kg6 15. Bd3+ Nxd3+ 16. Qxd3+ f5 17. Nxa8 Nxc5 18. Qg3+ Kf7 19. Qc7+ Be7 20. Nf3 Qxc7 21. Nxc7 a6 22. O-O Nd7 23. Ne5+ Nxe5 24. Bxe5 Bd7 25. Rfb1 b5 26. a4 bxa4 27. Nxa6 Rc8 28. Rb7 Ke8 29. Nc7+ Kd8 30. g3 Bc6 31. Nxe6+ Ke8 32. Rc7 Rxc7 33.
Nxc7+ Kd7 34. Na6 a3 35. Bd4 Bb5 36. Nc5+ Kc6 37. Rxa3 Bxc5 38. Bxc5 Kxc5 39. Ra7 g5 40. Rxh7 Ba4 41. h4 gxh4 42. gxh4 Bxc2 43. Rc7+ 1-0

[Event "*** Titled Tuesday Blitz"]
[Site "Chess.com"]
[Date "2019.07.02"]
[Round "4"]
[White "CookiesAndIceCream"]
[Black "albi1999"]
[Result "1-0"]
[WhiteElo "2370"]
[BlackElo "2502"]
[TimeControl "180+2"]
[EndTime "13:52:24 PDT"]
[Termination "CookiesAndIceCream won by checkmate"]

1. e4 c5 2. Nf3 Nc6 3. d4 cxd4 4.
Nxd4 Nf6 5. Nc3 e5 6. Ndb5 d6 7. Bg5 a6 8. Na3 b5 9. Nd5 Be7 10. Bxf6 Bxf6 11. c3 Bg5 12. Nc2 Rb8 13. Bd3 O-O 14.
O-O Be6 15. Ncb4 Nxb4 16. Nxb4 Qb6 17. Qe2 a5 18. Nd5 Bxd5 19. exd5 f5 20. Rfd1 e4 21.
Bc2 Rbe8 22. a4 b4 23. Qb5 Qa7 24. cxb4 axb4 25. Qxb4 e3 26. fxe3 Bxe3+ 27. Kh1 Bc5 28. Qf4 Be3 29. Qxd6 f4 30. Rf1 Rf6 31. Qb4 Rh6 32.
h3 Qd7 33. Rf3 g5 34. Qb5 Qxb5 35. axb5 g4 36. Rff1 gxh3 37. Ra6 Rh4 38. Bf5 hxg2+ 39. Kxg2 Kh8 40. Kf3 Rh2 41. d6 Rh5 42. d7 Rd8 43. Bg4 Rxb5 44. Re6 Rbb8 45. Rh1 Kg7 46. Re7+ Kf6 47.
Rhxh7 Rxb2 48. Re6+ Kg5 49. Rh5# 1-0

[Event "*** Titled Tuesday Blitz"]
[Site "Chess.com"]
[Date "2019.07.02"]
[Round "4"]
[White "rasmussvane"]
[Black "Doraemon7"]
[Result "1-0"]
[WhiteElo "2886"]
[BlackElo "2584"]
[TimeControl "180+2"]
[EndTime "13:52:25 PDT"]
[Termination "rasmussvane won on time"]

1. Nf3 d5 2. g3 g6 3. Bg2 Bg7 4. d4 Nd7 5. O-O Ngf6 6. Nbd2 O-O 7. c4 e6 8. b3 b6 9. Bb2 Bb7 10. Rc1 a5 11. cxd5 Bxd5 12. Qc2 c5 13. dxc5 Nxc5 14.
Rfd1 Qb8 15. Nc4 Be4 16. Qd2 Bd5 17. Be5 Qa7 18. Qb2 Nh5 19. Bxg7 Nxg7 20. Nfe5 Bxg2 21. Kxg2 Rfd8 22. Ng4 Qb7+ 23. f3 Qc7 24. Qf6 Nf5 25. e4 h5 26. Nge5 Nh6 27. Kh3 Rab8 28. Ne3 Ra8 29.
g4 hxg4+ 30. N3xg4 Nxg4 31. Nxg4 Rxd1 32. Rxd1 Rf8 33.
Qg5 e5 34. Qxe5 1-0

[Event "*** Titled Tuesday Blitz"]
[Site "Chess.com"]
[Date "2019.07.02"]
[Round "4"]
[White "3f32"]
[Black "Everyfishknows"]
[Result "1-0"]
[WhiteElo "2476"]
[BlackElo "2282"]
[TimeControl "180+2"]
[EndTime "13:52:27 PDT"]
[Termination "3f32 won on time"]

1. d4 Nf6 2. Nf3 e6 3. Bf4 d5 4. e3 Bd6 5. Bg3 O-O 6. Nbd2 c5 7. c3 b6 8. Bd3 Ba6 9. Bc2 Nc6 10. Ne5 Qc7 11. f4 cxd4 12. exd4 Rac8 13. Rc1 Ne7 14.
Bh4 Nf5 15. Bxf5 exf5 16. Qa4 Qb7 17. Bxf6 gxf6 18. Nef3 Bxf4 19. Kf2 Rfe8 20. Rhe1 Rxe1 21. Rxe1 Bd3 22. Re8+ Rxe8 23. Qxe8+ Kg7 24. g3 Bh6 25. Nf1 Be4 26. Nh4 Qa6 27. g4 Qd3 28. Nxf5+ Bxf5 29. gxf5 Qxf5+ 30. Kg1 Qg4+ 31. Ng3 Qd1+ 32. Kf2 Qd2+ 33.
Kf3 Qf4+ 34. Kg2 Qd2+ 35. Kh3 Qc2 36. Qd7 Qg6 37. Qxd5 Bf4 38. Nf5+ 1-0

[Event "*** Titled Tuesday Blitz"]
[Site "Chess.com"]
[Date "2019.07.02"]
[Round "4"]
[White "Pechen_Yeltsina"]
[Black "ckgchess"]
[Result "0-1"]
[WhiteElo "2678"]
[BlackElo "2694"]
[TimeControl "180+2"]
[EndTime "13:52:28 PDT"]
[Termination "ckgchess won by checkmate"]

1. e4 c5 2. Nf3 d6 3. g3 Nf6 4. d3 Nc6 5. Bg2 g6 6. O-O Bg7 7. Re1 O-O 8. c3 e5 9. a3 a5 10. a4 Be6 11. Na3 h6 12. Nd2 d5 13. Nb5 d4 14. Nc4 Ne8 15. cxd4 cxd4 16. b3 Nc7 17. Ba3 Nb4 18. Qd2 Nca6 19. Rac1 b6 20. f4 exf4 21. gxf4 Rb8 22. Nbd6 Nc5 23. Bxb4 axb4 24.
Rb1 Qh4 25. f5 Bxc4 26. Nxc4 gxf5 27. exf5 Bf6 28. Be4 Kh8 29. Kh1 Rg8 30. Re2 Rbe8 31. Rg1 Rxg1+ 32. Kxg1 Bg5 33. Qb2 Nxe4 34. Qxd4+ Bf6 35.
Qd7 Rg8+ 36. Kf1 Qf4+ 37. Ke1 Rg1# 0-1

[Event "*** Titled Tuesday Blitz"]
[Site "Chess.com"]
[Date "2019.07.02"]
[Round "4"]
[White "narutosmith"]
[Black "HanSchut"]
[Result "1-0"]
[WhiteElo "2205"]
[BlackElo "2214"]
[TimeControl "180+2"]
[EndTime "13:52:28 PDT"]
[Termination "narutosmith won by resignation"]

1. d4 Nf6 2. c4 g6 3. Nc3 d5 4. e3 Bg7 5. Qb3 dxc4 6. Bxc4 O-O 7. Nf3 c5 8. dxc5 Nfd7 9. Ne4 Nxc5 10. Nxc5 Qa5+ 11.
Bd2 Qxc5 12. Bb4 Qc7 13. O-O Nc6 14. Rac1 Bg4 15. Ng5 e6 16. h3 h6 17. Nxf7 Bxh3 18. Bxf8 Rxf8 19. Nxh6+ Bxh6 20. gxh3 Qe7 21. Bxe6+ Kh7 22.
Bg4 Ne5 23. Qe6 Nf3+ 24. Kg2 Qg5 25. Rc7+ Bg7 26. Qd7 Nh4+ 27. Kh1 Rg8 28. Rxb7 Qe5 29. Qd4 Qg5 30. Rd1 Kh6 31. Qf4 Qxf4 32. exf4 Rf8 33. Rdd7 Rg8 34. Be6 Nf5 35. Bxg8 1-0

[Event "*** Titled Tuesday Blitz"]
[Site "Chess.com"]
[Date "2019.07.02"]
[Round "4"]
[White "playerorkinyo"]
[Black "WildTricks"]
[Result "1-0"]
[WhiteElo "2427"]
[BlackElo "2316"]
[TimeControl "180+2"]
[EndTime "13:52:33 PDT"]
[Termination "playerorkinyo won by resignation"]

1. c4 e5 2. Nc3 Nf6 3. g3 d5 4. cxd5 Nxd5 5. Bg2 Nb6 6. Nf3 Nc6 7. O-O Be7 8. b3 O-O 9. Bb2 Re8 10. Rc1 Bf8 11.
d3 Nd4 12. Ne4 c6 13. Nc5 Rb8 14. a4 Bg4 15. a5 Na8 16. Bxd4 exd4 17. h3 Bf5 18. a6 b6 19. Nb7 Qd7 20. Nh4 c5 21. Nxf5 Qxf5 22. b4 cxb4 23. Qb3 Nc7 24. Rxc7 Rxe2 25.
Bd5 Qxh3 26. Rxf7 Kh8 27. Bg2 Qh5 28. Rf4 Qb5 29. Rxd4 Qxa6 30. Rd7 Qb5 31. Qf7 a5 32. Be4 b3 33. Nd6 b2 34. Nxb5 a4 35. Qf5 g6 36. Rxh7+ 1-0

[Event "*** Titled Tuesday Blitz"]
[Site "Chess.com"]
[Date "2019.07.02"]
[Round "4"]
[White "vovachesss"]
[Black "GulamaliRises"]
[Result "1-0"]
[WhiteElo "2669"]
[BlackElo "2472"]
[TimeControl "180+2"]
[EndTime "13:52:34 PDT"]
[Termination "vovachesss won by resignation"]

1. d4 Nf6 2. Nf3 e6 3. g3 b5 4. Bg2 Bb7 5. O-O c5 6. Na3 b4 7.
Nc4 d5 8. Nce5 cxd4 9. Nxd4 Bd6 10. Nd3 O-O 11. Nb5 Be7 12. Bf4 Na6 13. a4 bxa3 14. bxa3 Qa5 15. a4 Rfc8 16. Ne5 Nc5 17. c4 a6 18. Nd4 Nfe4 19. Nb3 Qd8 20. Nxc5 Bxc5 21. Qb1 Ra7 22. cxd5 exd5 23. Nd3 Bd4 24. Ra3 Qe7 25.
Rb3 Nc3 26. Qe1 Nxe2+ 27. Kh1 Bc6 28. Nb4 Ba8 29. Be3 Bc3 30. Qxe2 Bxb4 31. Rxb4 Qxb4 32.
Bxa7 h6 33. Qe3 d4 34. Bxd4 Bxg2+ 35. Kxg2 Qxa4 36. Qe5 Qc6+ 37. Kg1 f6 38. Qf5 Rd8 39. Be3 Qd5 40. Qg6 Qf7 41. Qg4 h5 42. Qa4 Rd6 43. Rc1 Re6 44. Rc8+ Kh7 45. Qc2+ f5 46. Rc7 Qg6 47. Bd4 1-0

[Event "*** Titled Tuesday Blitz"]
[Site "Chess.com"]
[Date "2019.07.02"]
[Round "4"]
[White "FelixBlohberger"]
[Black "Etoilegeniale"]
[Result "0-1"]
[WhiteElo "2512"]
[BlackElo "2464"]
[TimeControl "180+2"]
[EndTime "13:52:34 PDT"]
[Termination "Etoilegeniale won by resignation"]

1. e4 c5 2. Nf3 d6 3. d4 cxd4 4.
Nxd4 Nf6 5. Nc3 a6 6. Bg5 e6 7. f4 h6 8. Bh4 Qb6 9. Qd2 Qxb2 10. Rb1 Qa3 11. Bxf6 gxf6 12. Be2 Nc6 13. f5 Nxd4 14. Qxd4 Qc5 15. Qxf6 Rg8 16. Bh5 Rg7 17. Rf1 b5 18. fxe6 Qxh5 19. e7 Rxg2 20. exf8=Q+ Kxf8 21. Qxd6+ Kg8 22. Qd8+ Kh7 23. Qf6 Be6 24. Rd1 Rc8 25. Rd2 Rxd2 26. Kxd2 Qxh2+ 27. Rf2 Qd6+ 28. Kc1 Qa3+ 29. Kd2 Qb4 30.
Rf3 Rg8 31. Qf4 Rg2+ 32. Rf2 Qd4+ 33. Ke2 Rxf2+ 0-1

[Event "*** Titled Tuesday Blitz"]
[Site "Chess.com"]
[Date "2019.07.02"]
[Round "4"]
[White "HZMC92"]
[Black "DoHoChess"]
[Result "0-1"]
[WhiteElo "2363"]
[BlackElo "2554"]
[TimeControl "180+2"]
[EndTime "13:52:37 PDT"]
[Termination "DoHoChess won by resignation"]

1. d4 d5 2. c4 e6 3. Nc3 a6 4.
cxd5 exd5 5. Nf3 Nf6 6. Bg5 Be6 7. e3 h6 8. Bh4 Nbd7 9. Bd3 g5 10. Bg3 Nh5 11.
Qb3 Nxg3 12. hxg3 Nb6 13. a3 Bd6 14. Qc2 Qf6 15. Na4 Nxa4 16. Qxa4+ c6 17. Qc2 h5 18. O-O-O h4 19. gxh4 gxh4 20. Kb1 h3 21. Ne5 hxg2 22. Rxh8+ Qxh8 23. Rg1 Bxe5 24. dxe5 Qxe5 25. Rxg2 O-O-O 26. Rg1 Rh8 27. Bxa6 bxa6 28. Qxc6+ Qc7 29. Qxa6+ Kd7 30. Qa4+ Ke7 31. Qd4 Rb8 32. Qh4+ Kd7 33. Qd4 Bf5+ 34. Ka1 Be6 35. f4 Qb6 36. Qd2 Ke7 37. f5 Bxf5 38.
e4 dxe4 39. Rd1 Qf6 40. Qc2 Kf8 41. Qc5+ Kg7 42. Rg1+ Bg6 43. Qc2 0-1

[Event "*** Titled Tuesday Blitz"]
[Site "Chess.com"]
[Date "2019.07.02"]
[Round "4"]
[White "DerSchachaffe"]
[Black "Nightlord1"]
[Result "0-1"]
[WhiteElo "2335"]
[BlackElo "2151"]
[TimeControl "180+2"]
[EndTime "13:52:38 PDT"]
[Termination "Nightlord1 won on time"]

1. e4 e5 2. Nf3 d5 3. exd5 e4 4. Qe2 Nf6 5. d3 Qxd5 6. dxe4 Qxe4 7. Nc3 Bb4 8. Bd2 Qxe2+ 9. Bxe2 O-O 10. O-O-O Nc6 11.
a3 Bc5 12. Rhf1 Bf5 13. Nh4 Be6 14. f4 Rfe8 15. f5 Bc8 16. Bc4 Ne5 17. Bb3 Bd7 18. Bg5 Bc6 19. Bxf6 gxf6 20. Nd5 Bxd5 21. Rxd5 Be3+ 22.
Kb1 c6 23. Rd6 Bc5 24. Rd2 Rad8 25. Rfd1 Rxd2 26. Rxd2 Kg7 27. a4 Kh6 28. g3 Kg5 29. Ka2 Bb6 30. c3 Rd8 31. Re2 Kg4 32. Ng2 a5 33. Nf4 h5 34. Bc2 h4 35. Rg2 h3 36.
Re2 Nf3 37. Kb1 Rd2 38. Re8 Rxh2 0-1

[Event "*** Titled Tuesday Blitz"]
[Site "Chess.com"]
[Date "2019.07.02"]
[Round "4"]
[White "IngOscarArdila"]
[Black "NM2019"]
[Result "0-1"]
[WhiteElo "2033"]
[BlackElo "2126"]
[TimeControl "180+2"]
[EndTime "13:52:38 PDT"]
[Termination "NM2019 won on time"]

1. d4 c5 2. Nf3 d5 3. e3 Nc6 4.
Bb5 Bg4 5. O-O e6 6. h3 Bxf3 7. Qxf3 cxd4 8. exd4 Qb6 9. Bxc6+ bxc6 10. c3 Nf6 11. Nd2 c5 12. dxc5 Bxc5 13. Nb3 O-O 14.
Nxc5 Qxc5 15. Be3 Qb5 16. Bd4 Ne4 17. b4 a5 18. a4 Qc4 19. b5 Rac8 20. Rfc1 f5 21. Qf4 Rf7 22. Qe5 Re8 23. Rcb1 Qc7 24.
b6 Qxe5 25. Bxe5 Rb7 26. Rb5 Ra8 27. f3 Nd2 28. Re1 Kf7 29. Bc7 Nc4 30. Kf2 Ke7 31. Rxd5 Nxb6 32. Bxb6 Rxb6 33. Rxf5 Rb2+ 34. Kg1 Ra2 35. Rf4 Ra3 36. Rc4 Ra7 37. Kf2 Kf6 38. Ke3 Rd7 39. Re2 Ra1 40. g4 Rdd1 41. f4 h6 42. Ke4 Rh1 43. Re3 Rhf1 44. f5 exf5+ 0-1

[Event "*** Titled Tuesday Blitz"]
[Site "Chess.com"]
[Date "2019.07.02"]
[Round "4"]
[White "monalize"]
[Black "GremioPrudente"]
[Result "1/2-1/2"]
[WhiteElo "2333"]
[BlackElo "2228"]
[TimeControl "180+2"]
[EndTime "13:52:41 PDT"]
[Termination "Game drawn by repetition"]

1. e4 e6 2. d4 d5 3. Nd2 Nf6 4. e5 Nfd7 5. Bd3 c5 6. c3 Nc6 7.
Ndf3 Qb6 8. Ne2 cxd4 9. cxd4 f6 10. exf6 Nxf6 11. O-O Bd6 12. b3 O-O 13. Ng3 Bd7 14.
Re1 Kh8 15. Bb2 Rae8 16. Rc1 Bf4 17. Rc5 e5 18. Rb5 Qc7 19. dxe5 Nxe5 20. Bxe5 Bxe5 21. Rb4 Bg4 22. Bf1 Bxf3 23. Qxf3 Bxg3 24. Rxe8 Bxh2+ 25. Kh1 Rxe8 26. g3 Bxg3 27. fxg3 Ne4 28. Kh2 Nd2 29. Qf2 Nxf1+ 30. Qxf1 h6 31. Rf4 Qc2+ 32. Rf2 Qg6 33.
Qb5 Rg8 34. Qxd5 b6 35. Qe5 Qg4 36. Kg2 Qb4 37. Kh2 Qg4 38. Kg2 Qb4 39. Kh2 Qg4 1/2-1/2

[Event "*** Titled Tuesday Blitz"]
[Site "Chess.com"]
[Date "2019.07.02"]
[Round "4"]
[White "pedromartinez91"]
[Black "kosmeg"]
[Result "0-1"]
[WhiteElo "2434"]
[BlackElo "2477"]
[TimeControl "180+2"]
[EndTime "13:52:42 PDT"]
[Termination "kosmeg won by resignation"]

1. e4 e5 2. Nf3 Nc6 3. Bb5 a6 4. Ba4 Nf6 5. Bxc6 dxc6 6. d3 Bd6 7. Nbd2 O-O 8. Nc4 Re8 9. O-O c5 10. a4 a5 11. Bd2 b6 12. Bc3 Nd7 13. h3 f6 14. Nh4 Nf8 15. Qh5 Ne6 16. Rae1 Bd7 17.
Kh2 Bxa4 18. g3 Bxc2 19. Qe2 Bb3 20. Ne3 b5 21. Nhf5 Qd7 22. Qg4 Kh8 23. h4 Nd4 24. h5 Be6 25. Qh4 Bxf5 26. Bxd4 Be6 27. Bc3 b4 28. Bd2 Rf8 29. f4 a4 30. f5 Bg8 31.
h6 a3 32. hxg7+ Qxg7 33. Ng4 axb2 34. Bh6 Qe7 35. Bxf8 Rxf8 36. Rb1 c4 37. dxc4 Bxc4 38. Rf2 Bc5 39. Rfxb2 Bd3 40. Re1 Bd4 41. Rg2 b3 42.
Nf2 Bc2 43. Nd1 c5 44. Ne3 Bxe4 45. Rge2 Bd3 46. Rg2 b2 47. Nc2 Bxc2 48. Rxc2 Rb8 49.
Ra1 bxa1=Q 0-1

[Event "*** Titled Tuesday Blitz"]
[Site "Chess.com"]
[Date "2019.07.02"]
[Round "4"]
[White "731291"]
[Black "DrVitman"]
[Result "0-1"]
[WhiteElo "2669"]
[BlackElo "2707"]
[TimeControl "180+2"]
[EndTime "13:52:42 PDT"]
[Termination "DrVitman won by resignation"]

1. e4 c5 2. Nf3 Nc6 3. d4 cxd4 4.
Nxd4 e5 5. Nb5 a6 6. Nd6+ Bxd6 7. Qxd6 Qe7 8. Qd1 Nf6 9. Nc3 d6 10. Bc4 Be6 11. Bb3 h6 12. O-O O-O 13. Re1 Na5 14.
Bd5 Rac8 15. a4 Bxd5 16. Nxd5 Nxd5 17. Qxd5 Rc5 18. Qd3 Qc7 19. Bd2 Nc4 20. Bc3 Rc8 21. h3 a5 22. Rad1 Nb6 23. Ra1 Qc6 24. Red1 Nxa4 25. Qxd6 Nxc3 26. bxc3 Qxe4 27. Qe7 R8c7 28. Qd8+ Kh7 29. Rxa5 Qxc2 30. Rxc5 Rxc5 31. g3 Rxc3 32.
Rd7 Qb1+ 33. Rd1 Qf5 34. h4 Rc2 35. Rd2 Rxd2 36. Qxd2 e4 37. Qb4 b5 38. Qb1 h5 39.
Kg2 g6 40. Kg1 e3 41. Qxf5 gxf5 42. fxe3 b4 43. Kf2 b3 0-1

[Event "*** Titled Tuesday Blitz"]
[Site "Chess.com"]
[Date "2019.07.02"]
[Round "4"]
[White "Kubas1010"]
[Black "axvesik"]
[Result "1-0"]
[WhiteElo "2621"]
[BlackElo "2433"]
[TimeControl "180+2"]
[EndTime "13:52:42 PDT"]
[Termination "Kubas1010 won by resignation"]

1. d4 Nf6 2. c4 e6 3. Nf3 b6 4. a3 Ba6 5. Qc2 c5 6. d5 exd5 7. cxd5 g6 8. Nc3 Bg7 9. h4 d6 10. h5 Nxh5 11. g4 Nf6 12. Bh6 Bxh6 13. Rxh6 Nxg4 14. Qe4+ Kf8 15. Qxg4 Kg7 16. Qf4 Nd7 17.
Rh4 Qe7 18. Qh6+ Kg8 19. Re4 Qf6 20. Rf4 Qe7 21. Ne4 f5 22. Ng3 Bb7 23. O-O-O Qg7 24. Qxg7+ Kxg7 25. Bh3 Nf6 26. e4 fxe4 27. Nxe4 Nxd5 28.
Rh4 Rad8 29. Nfg5 Nc7 30. Nxd6 Bd5 31. Rxd5 Nxd5 32. Ne6+ Kf6 33. Nxd8 Rxd8 34. Ne4+ Ke5 35. Ng5 Rf8 36. Re4+ Kd6 37. Re2 h6 38. Ne4+ Kc7 39.
Rd2 Nf4 40. Bf1 Re8 41. f3 h5 42. Bb5 Re7 43. Rd6 Rg7 44. Rf6 Nd5 45. Rc6+ Kb7 46. Nd6+ 1-0

[Event "*** Titled Tuesday Blitz"]
[Site "Chess.com"]
[Date "2019.07.02"]
[Round "4"]
[White "GrigorGrigorov"]
[Black "Supernotar"]
[Result "1-0"]
[WhiteElo "2775"]
[BlackElo "2610"]
[TimeControl "180+2"]
[EndTime "13:52:43 PDT"]
[Termination "GrigorGrigorov won on time"]

1. d4 d5 2. c4 dxc4 3. e3 Nf6 4. Bxc4 e6 5. Nf3 a6 6. O-O b5 7. Bd3 Bb7 8. a4 b4 9. Qe2 Nbd7 10. Nbd2 c5 11.
a5 Qc7 12. Nc4 Be7 13. Bd2 O-O 14. Rfc1 Rac8 15. Nce5 Nxe5 16. Nxe5 Qd6 17. Nc4 Qc6 18. Qf1 Ne4 19. Be1 cxd4 20. exd4 Rfd8 21. f3 Nf6 22. Bf2 Qe8 23. Nb6 Rxc1 24. Rxc1 Nd5 25. Bxa6 Bxa6 26. Qxa6 Bg5 27. Rc8 Nxb6 28. Rxd8 Bxd8 29.
axb6 Qc6 30. d5 exd5 31. g3 h5 32. Kg2 h4 33. Qa7 Qe6 34. b7 h3+ 35. Kf1 Qf5 36. b8=Q Qd3+ 37. Ke1 Qb1+ 38. Ke2 Qc2+ 39. Ke3 Qc1+ 40.
Kd4 Qc4+ 41. Ke5 f6+ 42. Kd6 Kh7 43. Qxd8 d4 44. Qdd7 1-0

[Event "*** Titled Tuesday Blitz"]
[Site "Chess.com"]
[Date "2019.07.02"]
[Round "4"]
[White "Kimster98"]
[Black "amylazy"]
[Result "0-1"]
[WhiteElo "2585"]
[BlackElo "2416"]
[TimeControl "180+2"]
[EndTime "13:52:48 PDT"]
[Termination "amylazy won by checkmate"]

1. d4 Nf6 2. c4 g6 3. g3 Bg7 4. Bg2 d5 5. cxd5 Nxd5 6. Nf3 O-O 7. O-O Nc6 8. e3 Bg4 9. h3 Bf5 10. Nc3 Nxc3 11. bxc3 Be4 12. Bb2 Na5 13. Nd2 Bxg2 14. Kxg2 c5 15. Qe2 Rc8 16. Rab1 b6 17. Kg1 Qd7 18. Kh2 Qe6 19. Qa6 Rc7 20. dxc5 Rxc5 21. Qxa7 Rh5 22. h4 Be5 23. Nf3 Bb8 24. Qa6 Nc4 25.
Bc1 Qe4 26. Rb4 Qxf3 27. Qxc4 Bd6 28. Rxb6 Rc5 29. Qa6 Rxc3 30. Rb2 Ra8 31. Qe2 Qf6 32. Kg1 Rac8 33. Bd2 R3c4 34. Rb3 h5 35. a3 Rg4 36.
Kh1 Rxh4+ 37. gxh4 Qxh4+ 38. Kg2 Qh2+ 39. Kf3 Qh3+ 40.
Ke4 Qf5+ 41. Kd4 Qe5+ 42. Kd3 Qd5# 0-1

[Event "*** Titled Tuesday Blitz"]
[Site "Chess.com"]
[Date "2019.07.02"]
[Round "4"]
[White "Adham_Fawzy"]
[Black "Rish_97"]
[Result "0-1"]
[WhiteElo "2714"]
[BlackElo "2533"]
[TimeControl "180+2"]
[EndTime "13:52:50 PDT"]
[Termination "Rish_97 won by resignation"]

1. e4 Nf6 2. e5 Nd5 3. Nf3 d6 4. Nc3 Nb6 5. d4 Bg4 6. Be2 e6 7. Be3 Be7 8. O-O O-O 9. exd6 cxd6 10. d5 e5 11. Nd2 Bxe2 12. Qxe2 Na6 13. Nc4 Nxc4 14.
Qxc4 Bg5 15. Bxg5 Qxg5 16. f4 exf4 17. Qxf4 Qxf4 18. Rxf4 Rac8 19. Re1 Rfe8 20. Rxe8+ Rxe8 21. Nb5 Re1+ 22. Kf2 Rd1 23. Rd4 Rxd4 24. Nxd4 Nb4 25. c4 Nd3+ 26. Ke2 Nxb2 27. c5 dxc5 28. d6 Kf8 29.
Nf5 Ke8 30. Nxg7+ Kd7 31. Nh5 Kxd6 32. Nf6 h6 33. g3 b5 34. Ng8 c4 35. Nxh6 Ke6 36.
Ng4 b4 37. Ne3 a5 38. h4 a4 39. h5 a3 40. Nc2 Nd3 41. g4 Kf6 42. Kd2 Kg5 43.
Nd4 b3 44. axb3 a2 45. bxc4 a1=Q 46. Kxd3 Kxg4 47. h6 Qd1+ 48. Ke3 Qc1+ 49. Kd3 Qxh6 0-1

[Event "*** Titled Tuesday Blitz"]
[Site "Chess.com"]
[Date "2019.07.02"]
[Round "4"]
[White "DenisQ"]
[Black "Ali_rastbod"]
[Result "1-0"]
[WhiteElo "2626"]
[BlackElo "2746"]
[TimeControl "180+2"]
[EndTime "13:52:55 PDT"]
[Termination "DenisQ won on time"]

1. Nf3 d5 2. c4 d4 3. g3 Nc6 4. Bg2 e5 5. O-O e4 6. Ne1 Nf6 7. d3 Bf5 8. Bg5 exd3 9. Nxd3 Be7 10. Nd2 O-O 11. Qb3 Rb8 12. Rad1 h6 13. Bxf6 Bxf6 14. Ne4 Be7 15. Nf4 Re8 16. Nd2 Bf8 17. Nf3 Bc5 18.
e3 Be4 19. Nxd4 Bxd4 20. exd4 Bxg2 21. Kxg2 Nxd4 22. Qa3 Qf6 23. Nd5 Qe5 24. Rfe1 Ne2 25. Qf3 Qxb2 26. Nxc7 Re5 27. Rd7 Rf8 28. Red1 Qxa2 29.
Rd8 Qxc4 30. Rxf8+ Kxf8 31. Rd8+ Ke7 32. Re8+ Kd6 33.
Qa3+ Kxc7 34. Rxe5 Qc6+ 35. f3 Qa6 36. Qxa6 bxa6 37.
Rxe2 1-0

[Event "*** Titled Tuesday Blitz"]
[Site "Chess.com"]
[Date "2019.07.02"]
[Round "4"]
[White "KhazarBabazada"]
[Black "BakaPG"]
[Result "1/2-1/2"]
[WhiteElo "2664"]
[BlackElo "2724"]
[TimeControl "180+2"]
[EndTime "13:52:56 PDT"]
[Termination "Game drawn by agreement"]

1. e4 e6 2. d4 d5 3. Nc3 Nf6 4. e5 Nfd7 5. Nce2 c5 6. c3 Nc6 7. Nf3 cxd4 8. cxd4 Bb4+ 9. Nc3 f6 10. exf6 Nxf6 11. Bd3 Ne4 12. O-O Bxc3 13. bxc3 O-O 14. Re1 Nxc3 15. Qc2 Ne4 16. Bxe4 dxe4 17. Qxe4 Qd5 18.
Qxd5 exd5 19. Ba3 Rd8 20. Be7 Re8 21. Bd6 Bf5 22. Rad1 Rad8 23. Rxe8+ Rxe8 24. Ne5 Na5 25. g4 Be6 26. Rc1 Nc4 27. Nxc4 dxc4 28. f3 b5 29. Kf2 a5 30. a3 Kf7 31. Rb1 Bd7 32. d5 c3 33. Rc1 Rc8 34. Ke3 h5 35. h3 hxg4 36. hxg4 b4 37. axb4 a4 38. Be5 c2 39. Kd2 Rc4 40. Bc3 Rf4 41. Ke3 Rc4 42. Kd2 Rf4 1/2-1/2

[Event "*** Titled Tuesday Blitz"]
[Site "Chess.com"]
[Date "2019.07.02"]
[Round "4"]
[White "AndrewMcStone"]
[Black "julinha97"]
[Result "0-1"]
[WhiteElo "2138"]
[BlackElo "2234"]
[TimeControl "180+2"]
[EndTime "13:52:58 PDT"]
[Termination "julinha97 won on time"]

1. d4 Nf6 2. c4 g6 3. Nc3 Bg7 4. e4 d6 5. Nge2 O-O 6. Ng3 c5 7. d5 e6 8. Be2 exd5 9. cxd5 a6 10. a4 Nbd7 11. O-O Rb8 12. Bg5 h6 13. Be3 Ne8 14. Qd2 Kh7 15. Rab1 Qa5 16. f3 Nc7 17. f4 b5 18. axb5 Nxb5 19. Bxb5 axb5 20. b4 cxb4 21. Na2 Bc3 22. Qc2 Qa4 23. Rfc1 Qxc2 24. Rxc2 b3 25. Rxb3 Bg7 26. Nb4 Nc5 27. Rb1 Bb7 28. e5 Na4 29. exd6 Nc3 30. Rbc1 Nxd5 31. Nxd5 Bxd5 32. Rd1 Be6 33.
Ne4 Bb3 34. Rdc1 Bxc2 35. Rxc2 b4 36. Rc1 b3 37. Rb1 b2 38. Nc5 Rfd8 39. d7 Ra8 40.
Kf2 Ra1 0-1

[Event "*** Titled Tuesday Blitz"]
[Site "Chess.com"]
[Date "2019.07.02"]
[Round "4"]
[White "Squirlolz"]
[Black "PabloZarnicki"]
[Result "1-0"]
[WhiteElo "2471"]
[BlackElo "2587"]
[TimeControl "180+2"]
[EndTime "13:53:02 PDT"]
[Termination "Squirlolz won by checkmate"]

1. e4 e6 2. d4 d5 3. Nd2 Nc6 4.
Ngf3 Nf6 5. e5 Nd7 6. Nb3 a5 7. a4 b6 8. h4 Ncb8 9. c3 c5 10. Bf4 Ba6 11. Ng5 Bxf1 12. Kxf1 Be7 13. Qg4 h5 14. Qf3 Bxg5 15. hxg5 g6 16. g4 h4 17.
Kg2 Nc6 18. Rh3 Qe7 19. Rah1 cxd4 20. cxd4 O-O-O 21. Rxh4 Rhf8 22. Bd2 Kb7 23. Rh7 Rc8 24. Rc1 Ndb8 25. Qf6 Qe8 26. Qxg6 Ne7 27. Rxc8 Kxc8 28. Qc2+ Kb7 29. g6 fxg6 30. Bxa5 bxa5 31. Qc5 Rf7 32.
Nxa5+ Ka8 33. Rxf7 Qxf7 34. Qc7 Nec6 35. Qxf7 Nxa5 36.
Qxe6 Nac6 37. Qxd5 Ka7 38. e6 Ne7 39. Qc5+ Ka6 40.
Qxe7 Nc6 41. Qd6 g5 42. Qxc6+ Ka5 43. Qb5# 1-0

[Event "*** Titled Tuesday Blitz"]
[Site "Chess.com"]
[Date "2019.07.02"]
[Round "4"]
[White "darsen_sanzhaev"]
[Black "GMKrikor"]
[Result "1/2-1/2"]
[WhiteElo "2650"]
[BlackElo "2725"]
[TimeControl "180+2"]
[EndTime "13:53:05 PDT"]
[Termination "Game drawn by repetition"]

1. d4 Nf6 2. c4 e6 3. g3 d5 4.
Bg2 Bb4+ 5. Nd2 O-O 6. Nf3 a5 7. O-O a4 8. Qc2 Nc6 9. e3 Bd7 10. a3 Bxd2 11. Bxd2 Na5 12. Bxa5 Rxa5 13. Ne5 c6 14. Rac1 Ra8 15. h3 Qa5 16. g4 Rfd8 17. g5 Ne8 18. c5 b6 19. cxb6 Qxb6 20. Nxd7 Rxd7 21. Qxc6 Qxc6 22. Rxc6 Nd6 23. Rfc1 Kf8 24. Rb6 Ke7 25. Rcc6 Raa7 26. Bf1 Ne4 27. h4 Rdb7 28. Ba6 Rxb6 29. Rxb6 Nd6 30. Kg2 h6 31. gxh6 gxh6 32. Bd3 Kd7 33. Rb4 f6 34. Bc2 Nc4 35. Bxa4+ Kd6 36.
Bb5 Nd2 37. Bd3 Rg7+ 38. Kh3 Nf3 39. Rb6+ Kc7 40. Rxe6 Ng1+ 41. Kh2 Nf3+ 42. Kh3 Ng1+ 43. Kh2 Nf3+ 44. Kh3 1/2-1/2